 Dungeon Crawl Stone Soup version 0.29-a0-925-g0a7a3d12f8 (webtiles) character file.

Game seed: 16130148622681448924

82 spiderkeys the Trooper (level 4, -4/33 HPs)
             Began as an Octopode Chaos Knight on July 30, 2022.
             Was a Plaything of Xom.
             Slain by a gnoll
             ... wielding a +0 spear
              (10 damage)
             ... on level 2 of the Dungeon.
             The game lasted 00:02:54 (1998 turns).

spiderkeys the Trooper (Octopode Chaos Knight)      Turns: 1998, Time: 00:02:55

Health: -4/33      AC:  1    Str: 11    XL:     4   Next: 43%
Magic:  4/4        EV: 14    Int: 14    God:    Xom [..*...]
Gold:   73         SH:  0    Dex: 13    Spells: 3/3 levels left

rFire   . . .      SeeInvis .   a - +0 falchion (drain)
rCold   . . .      Faith    .   (no shield)
rNeg    . . .      Spirit   .   (helmet restricted)
rPois   .          Reflect  .   (no amulet)
rElec   .          Harm     .   (no ring)
rCorr   .          Rampage  .   (no ring)
Will    .....                   (no ring)
Stlth   ++........              (no ring)
HPRegen 0.11/turn               (no ring)
MPRegen 0.09/turn               (no ring)
                                (no ring)
                                (no ring)

@: no status effects
A: almost no armour, amphibious, 8 rings, camouflage 1, gelatinous body 1,
(nimble swimmer 1), tentacles
a: Renounce Religion


You were on level 2 of the Dungeon.
You worshipped Xom.
You were a toy of Xom.
You visited 1 branch of the dungeon, and saw 2 of its levels.

You collected 73 gold pieces.


Innate Abilities, Weirdness & Mutations

You cannot wear most types of armour.
You are amphibious.
You can wear up to eight rings at the same time.
Your skin changes colour to match your surroundings (Stealth+).
Your rubbery body absorbs attacks. (AC +1, EV +1)
((You are camouflaged when in or above water. (Stealth+)))
You have tentacles for arms and can constrict up to eight enemies at once.


   Skills:
 + Level 3.8 Fighting
 + Level 3.8 Long Blades
 + Level 3.3 Dodging


You had 3 spell levels left.
You didn't know any spells.
Your spell library contained the following spells:

 Spells                   Type           Power      Damage    Failure   Level
 Fulminant Prism          Conj/Hex       0%         3d6       96%         4
 Iskenderun's Mystic Bla  Conj/Tloc      0%         2d3       96%         4
 Lee's Rapid Deconstruct  Erth           0%         3d5*      100%        5

Inventory:

Hand Weapons
 a - a +0 falchion of draining (weapon)
 b - a +0 sling of flaming
   (You found it on level 2 of the Dungeon)
Missiles
 c - 12 stones
Scrolls
 d - 2 scrolls of teleportation {@r4}
 e - a scroll of vulnerability {unknown}
 f - 2 scrolls of identify {@r1}
 i - a scroll of noise {unknown}
Potions
 h - a potion of invisibility {unknown}
 k - a potion of heal wounds {unknown}
Miscellaneous
 g - a piece from Xom's chessboard (15/15) (quivered)

Dungeon Overview and Level Annotations

Branches:
Dungeon (2/15) Zot: 9992

Altars:

#..........................##.
#...P.P........P............#.
#..P♣♣♣...♣♣♣...♣♣♣...♣♣♣.....
#...♣ ♣...♣ ♣..P♣ ♣...♣ ♣..##.
#...♣♣♣...♣♣♣...♣♣♣...♣♣♣..##.
####...P......(...............###
..............................#..
........P.P..............P....#.#
.......♣♣♣...♣♣♣@..♣♣♣P..♣♣♣..#.#
.###...♣ ♣...♣ ♣)g.♣ ♣P..♣ ♣..#..
....#.P♣♣♣P..♣ ♣.g.♣ ♣...♣♣♣.....
..#.#.P....... ...............#..
..#.#......... ...............#.#
....#.P...P.. ..........P...P.#.#
#.###..♣♣♣.. ♣♣P..♣♣♣...♣ ♣.....
#.#....♣ . ♣...♣ ♣...♣ ♣...##
#.#.#..♣ ..♣♣♣...♣♣♣...#.


You could see 2 gnolls.


Message History

You now have 32 max hp (+6).
Your hp is fully restored (32).
Your mp is fully restored (4).
A hobgoblin comes into view.
A hobgoblin is nearby!
A hobgoblin is nearby!
The hobgoblin shouts!
The hobgoblin hits you. 😕 HP[-5]
You take 5 damage, and now have 27/32 hp.
You hit the hobgoblin. You drain the hobgoblin.
You kill the hobgoblin! 😕 HP[+1]
You now have 33 max hp (+1).
No target in view!
No target in view!
A worm comes into view.
A worm is nearby!
A worm is nearby!
Xom's power almost touches on you for a moment.
Nothing appears to happen...
Ominous!
Your +0 sling of flaming bursts into flame!
b - a +0 sling of flaming (weapon)
You shoot a sling bullet.
The sling bullet barely misses the worm.
You shoot a sling bullet.
The sling bullet barely misses the worm.
You shoot a sling bullet.
The sling bullet barely misses the worm. 😕 HP[+1]
You shoot a sling bullet. The sling bullet hits the worm.
The sling bullet burns the worm.
Your +0 sling of flaming stops flaming.
You sense an unholy aura.
a - a +0 falchion of draining (weapon)
You slash the worm! You drain the worm. You grab the worm.
You squeeze the worm, but do no damage. You constrict the worm.
You hit the worm but do no damage. You constrict the worm.
The worm bites you. 😕 HP[-1]
You take 1 damage, and now have 28/33 hp.
You slash the worm!
You kill the worm!
No target in view!
Key pressed, stopping explore.
You now have 73 gold pieces (gained 13).
Key pressed, stopping explore.
Key pressed, stopping explore.
k - a fizzy cyan potion 😎 HP[+5]
Your hp is fully restored (33).
Key pressed, stopping explore.
A gnoll comes into view.
It is wielding a +0 spear. x2 2 gnolls come into view.
The gnoll shouts!
The gnoll closely misses you.
The gnoll shouts!
You hit the gnoll. You grab the gnoll. You squeeze the gnoll.
You constrict the gnoll. The gnoll closely misses you.
You hit the gnoll.
You kill the gnoll!
The gnoll hits you from afar with a +0 spear. 😕 HP[-4]
You take 4 damage, and now have 29/33 hp.
The gnoll completely misses you. The gnoll hits you with a +0 spear!
The gnoll barely misses you.
You see here a +0 spear. 😮 HP[-8]
You take 8 damage, and now have 21/33 hp.
MASSIVE DAMAGE!! (PAUSE)
You hit the gnoll. You drain the gnoll. You grab the gnoll.
You constrict the gnoll. The gnoll hits you with a +0 spear. x2
* * * LOW HITPOINT WARNING * * *
The gnoll barely misses you. 😨 HP[-9]
You take 9 damage, and now have 12/33 hp.
MASSIVE DAMAGE!! (PAUSE)
You closely miss the gnoll. Your grab misses the gnoll. You squeeze the gnoll.
You constrict the gnoll. The gnoll misses you. The gnoll closely misses you.
The gnoll barely misses you.
You hit the gnoll.
You kill the gnoll!
Xom grants you insight.
You detect nothing.
The gnoll completely misses you.
The gnoll throws a throwing net.
The throwing net closely misses you. The gnoll barely misses you.
The gnoll hits you from afar with a +0 spear.
* * * LOW HITPOINT WARNING * * *
😱 HP[-4]
You take 4 damage, and now have 8/33 hp.
You feel better. The gnoll hits you with a +0 spear.
* * * LOW HITPOINT WARNING * * *
The gnoll hits you from afar with a +0 spear.
* * * LOW HITPOINT WARNING * * *
😱 HP[-2]
You take 2 damage, and now have 6/33 hp.
As you read the scroll labelled SUOBBO KEAB, it crumbles to dust.
It is a scroll of identify.
d - 2 scrolls of teleportation Xom is amused.
The gnoll closely misses you.
The gnoll hits you from afar with a +0 spear!
You die...

Skill      XL: |  1  2  3 |
---------------+----------+-----
Dodging        | 3 |  3.3
Fighting       | |  3.8
Long Blades    | |  3.8

Action                   |  1- 3 |  4- 6 || total
-------------------------+-------+-------++-------
Melee: Falchion          |    58 |     9 ||    67
       Tentacles         |     8 |     3 ||    11
       Constrict         |    13 |     3 ||    16
 Fire: Sling             |     7 |     4 ||    11
  Use: Scroll            |     2 |     1 ||     3
       Potion            |     1 |     1 ||     2
 Stab: Sleeping          |     7 |       ||     7
Armor: Skin              |     7 |       ||     7
Dodge: Dodged            |    29 |    12 ||    41

Levels and vault maps discovered:
D:1:      amcnicky_arrival_single_pillar, layout_loops_cross,
          hellmonk_ecumenical_altar_watching_god, wad_woods_river_04,
          chequers_jeans
D:2:      layout_basic, kennysheep_boxes

Notes
Turn   | Place    | Note
-------+----------+-------------------------------------------
     0 | D:1      | spiderkeys the Octopode Chaos Knight began the quest for
                  | the Orb.
     0 | D:1      | Reached XP level 1. HP: 16/16 MP: 1/1
     0 | D:1      | magus.rc [v1.11.3]
    94 | D:1      | XOM: silly message
    94 | D:1      | HP: 3/16 [frozen (3)]
   339 | D:1      | XOM: silly message
   366 | D:1      | Noticed a golden eye
   372 | D:1      | Found a faded altar of an unknown god.
   375 | D:1      | Noticed a shining eye
   376 | D:1      | Noticed a shining eye
   376 | D:1      | Noticed a golden eye
   382 | D:1      | Reached XP level 2. HP: 15/21 MP: 2/2
   832 | D:1      | You pick up a book of Blasting and begin reading...
   832 | D:1      | You add the spells Fulminant Prism, Iskenderun's Mystic
                  | Blast and Lee's Rapid Deconstruction to your library.
  1201 | D:2      | XOM: silly message
  1318 | D:2      | Reached XP level 3. HP: 23/26 MP: 3/3
  1447 | D:2      | Reached skill level 3 in Dodging
  1749 | D:2      | XOM: silly message
  1766 | D:2      | XOM: divination: detect creatures
  1822 | D:2      | Reached XP level 4. HP: 32/32 MP: 4/4
  1840 | D:2      | XOM: silly message
  1996 | D:2      | XOM: divination: detect items
  1996 | D:2      | HP: 8/33 [gnoll/+0 spear (4)]
  1998 | D:2      | Slain by a gnoll

Vanquished Creatures
  2 gnolls (D:2)
  2 adders (D:2)
  2 worms (D:2)
  2 dart slugs (D:2)
  An endoplasm (D:1)
  2 giant cockroaches (D:2)
  4 goblins
  2 hobgoblins
  A kobold (D:1)
  5 quokkas
  4 ball pythons
  3 bats (D:1)
  2 frilled lizards (D:2)
  4 rats
36 creatures vanquished.

Vanquished Creatures (others)
  70 plants (D:2)
70 creatures vanquished.

Grand Total: 106 creatures vanquished

Table legend:
 A = Non-vault XP
 B = Vault XP
 C = Vault XP percentage of total XP
 D = Non-vault monster count
 E = Vault monster count
 F = Vault count percentage of total count
                 A         B        C        D         E       F
            +---------+---------+-------+---------+---------+-------
      Total |     118 |       0 |   0.0 |      36 |       0 |   0.0
            +---------+---------+-------+---------+---------+-------
        D:1 |      23 |       0 |   0.0 |      14 |       0 |   0.0
        D:2 |      95 |       0 |   0.0 |      22 |       0 |   0.0
            +---------+---------+-------+---------+---------+-------

Illustrated notes

Table legend:
 A = Kills in this place as a percentage of kills in entire the game.
 B = Kills by you in this place as a percentage of kills by you in the entire game.
 C = Kills by friends in this place as a percentage of kills by friends in the entire game.
 D = Other kills in this place as a percentage of other kills in the entire game.
 E = Experience gained in this place as a percentage of experience gained in the entire game.
 F = Experience gained in this place divided by the number of levels of this place that you have seen.
                   A       B       C       D       E      F
               +-------+-------+-------+-------+-------+----------------------
         Total | 100.0 | 100.0 |   N/A |   N/A | 100.0 |  59.0
       Dungeon | 100.0 | 100.0 |   N/A |   N/A | 100.0 |  59.0
               +-------+-------+-------+-------+-------+----------------------

Table legend: (Time is in decaauts)
 A = Elapsed time spent in this place.
 B = Non-inter-level travel time spent in this place.
 C = Inter-level travel time spent in this place.
 D = Time resting spent in this place.
 E = Time spent auto-exploring this place.
 F = Levels seen in this place.
 G = Mean time per level.
                   A        B        C        D        E       F      G
               +--------+--------+--------+--------+--------+-----+--------+
         Total |   2006 |   1983 |     23 |      0 |   1717 |   2 | 1003.0 |
       Dungeon |   2006 |   1983 |     23 |      0 |   1717 |   2 | 1003.0 |
               +--------+--------+--------+--------+--------+-----+--------+

Top non-repeatable levels by time:
     D:1: 1106 daAuts
     D:2: 900 daAuts
